 Dungeon Crawl Stone Soup version 0.17.0-73-gb648821 (webtiles) character file.

29 dorian the Conjurer (level 3, -1/21 HPs)
             Began as an Octopode Conjurer on Dec 10, 2015.
             Killed from afar by Terence (6 damage)
             ... with a wand of flame
             ... on level 2 of the Dungeon.
             The game lasted 00:01:28 (850 turns).

dorian the Conjurer (Octopode Conjurer)              Turns: 850, Time: 00:01:28

Health: -1/21      AC:  2    Str:  7    XL:     3   Next: 16%
Magic:  1/6        EV: 12    Int: 18    God:
Gold:   40         SH:  0    Dex: 12    Spells: 1 memorised, 5 levels left

rFire  . . .     SeeInvis .     (no weapon)
rCold  . . .     Clarity  .     (no shield)
rNeg   . . .     SustAt   .     g - +1 hat
rPois  .         Gourm    .     (no amulet)
rElec  .         Spirit   .     (no ring)
rCorr  .         Warding  .     (no ring)
rMut   .         Stasis   .     (no ring)
MR     .....                    (no ring)
Stlth  +++.......               (no ring)
                                (no ring)
                                (no ring)
                                (no ring)

@: not resistant to hostile enchantments, fairly stealthy
A: almost no armour, amphibious, 8 rings, constrict 8, camouflage 1, gelatinous
body 1
a: no special abilities


You were on level 2 of the Dungeon.
You were not hungry.

You visited 1 branch of the dungeon, and saw 2 of its levels.

You collected 40 gold pieces.

Inventory:

Armour
 g - a +1 hat (worn)
Wands
 r - a wand of slowing (24)
Scrolls
 e - 5 scrolls of identify {unknown}
 f - a scroll of teleportation {unknown}
 h - a scroll of immolation {unknown}
 k - 2 scrolls of blinking {unknown}
 m - a scroll of remove curse {unknown}
 o - a scroll of enchant weapon {unknown}
 p - 2 scrolls of recharging {unknown}
 s - a scroll of noise {unknown}
 v - a scroll of amnesia {unknown}
Potions
 d - a potion of degeneration {unknown}
 i - a potion of agility {unknown}
 l - 3 potions of might {unknown}
 n - a potion of lignification {unknown}
 q - a potion of magic {unknown}
Books
 a - a book of Conjurations

   Spells                             Type                      Level
   a - Magic Dart                     Conjuration                  1
   b - Searing Ray                    Conjuration                  2
   c - Dazzling Spray                 Conjuration/Hexes            3
   d - Fulminant Prism                Conjuration/Hexes            4
   e - Iskenderun's Mystic Blast      Conjuration                  4
   f - Iskenderun's Battlesphere      Conjuration/Charms           5
Comestibles
 b - a bread ration
 c - a meat ration
 j - 3 beef jerkies
 u - a slice of pizza


   Skills:
 - Level 2.0 Dodging
 - Level 2.6 Stealth
 + Level 2.3 Spellcasting
 * Level 4.7 Conjurations


You had 5 spell levels left.
You knew the following spells:

 Your Spells              Type           Power        Failure   Level  Hunger
a - Magic Dart            Conj           ###.         2%          1    #......


Dungeon Overview and Level Annotations

Branches:
Dungeon (2/15)

Altars:

Annotations:
D:2 Terence


Innate Abilities, Weirdness & Mutations

You cannot wear most types of armour.
You are amphibious.
You can wear up to eight rings at the same time.
You can use your tentacles to constrict eight enemies at once.
Your skin changes colour to match your surroundings (Stealth).
Your rubbery body absorbs attacks (AC +1).


Message History

Press: ? - help, Shift-Dir - straight line, f/p - Terence
Aim: Terence, wielding a mace, wearing a runed chain mail and carrying a wand of flame {zapped: 2} The magic dart hits Terence.
Terence zaps a wand.
The puff of flame misses you.
Casting: Magic Dart
Confirm with . or Enter, or press ? or * to list all spells.
Aiming: Magic Dart
Press: ? - help, Shift-Dir - straight line, f/p - Terence
Aim: Terence, wielding a mace, wearing a runed chain mail and carrying a wand of flame {zapped: 3} The magic dart hits Terence.
Terence zaps a wand.
The puff of flame misses you.
Evoke which item? (* to show all) (? for menu, Esc to quit)
Zapping:
r - a wand of slowing (will waste charges)
Press: ? - help, Shift-Dir - straight line, f/p - Terence
Aim: Terence, wielding a mace, wearing a runed chain mail and carrying a wand of flame {zapped: 4} (chance to defeat MR: 61%) Terence seems to slow down.
Evoking this partially-identified wand wasted a few charges.
Terence zaps a wand.
The puff of flame hits you!
* * * LOW HITPOINT WARNING * * *
Terence says, "Don't bother to defend, it's senseless."
Terence zaps a wand.
The puff of flame hits you!
You die...

#...............# #............
##..###.........# #######......
##.## #.........# #....... #..#
#.........### #)#..... #.##
#...........# ###.#.<### #>#
###########.####...>..# ###.###
#.....<....#.#
#.....############.###........###
................@..###.######....
#.....########.....##..# ###..
####### #@.###.##.## ### #..##
#....##### # #..# ###......# #
...# ##...###.# .#########..#####
### . ................. ... #
#####...######## #...


You could see Terence.

Vanquished Creatures
  3 worms (D:2)
  A ball python (D:1)
  4 bats
  A goblin (D:2)
  2 hobgoblins (D:1)
  5 kobolds
  A giant gecko (D:2)
  A giant newt (D:2)
  3 rats (D:1)
21 creatures vanquished.

Notes
Turn   | Place    | Note
--------------------------------------------------------------
     0 | D:1      | dorian the Octopode Conjurer began the quest for the Orb.
     0 | D:1      | Reached XP level 1. HP: 11/11 MP: 3/3
   126 | D:1      | Reached XP level 2. HP: 17/17 MP: 3/5
   604 | D:2      | Reached XP level 3. HP: 17/21 MP: 1/6
   839 | D:2      | Noticed Terence
   850 | D:2      | Killed from afar by Terence

Action                   || total
-------------------------++-------
Melee: Unarmed           ||    37
 Cast: Magic Dart        ||    35
Evoke: Wand              ||     1
 Stab: Sleeping          ||     4
